 Dungeon Crawl Stone Soup version 0.25-a0-294-gea9b1ad378 (webtiles) character file.

Game seed: 15980097943847713581, levelgen mode: deterministic

26074 KlausPeter the Fighter (level 13, -11/125 HPs)
             Began as a Hill Orc Fighter on Dec 14, 2019.
             Was an Elder of Makhleb.
             Mangled by an iron giant (glowing shapeshifter) (18 damage)
             ... on level 14 of the Dungeon on Dec 16, 2019.
             The game lasted 02:03:17 (17178 turns).

KlausPeter the Fighter (Hill Orc Fighter)          Turns: 17178, Time: 02:03:17

Health: -11/125    AC: 18    Str: 28    XL:     13   Next: 23%
Magic:  13/13      EV:  4    Int: 15    God:    Makhleb [****..]
Gold:   1112       SH: 15    Dex: 14    Spells: 7/12 levels left

rFire    . . .     SeeInvis +   D - +7 whip of Pain and Death {elec, rN+ Str+3 Dex+4 SInv}
rCold    . . .     Gourm    +   J - +0 large shield
rNeg     + . .     Faith    .   X - +1 plate armour
rPois    +         Spirit   .   (no helmet)
rElec    .         Reflect  .   m - scarf {cloud immunity}
rCorr    .         Harm     .   z - +0 pair of gloves
MR       .....                  (no boots)
Stlth    ..........             H - amulet of the gourmand
HPRegen  0.30/turn              C - +3 ring of strength
MPRegen  0.13/turn              A - ring of poison resistance

@: brilliant, lightly drained
A: no striking features
a: Minor Destruction, Lesser Servant of Makhleb, Major Destruction, Renounce
Religion


You were on level 14 of the Dungeon.
You worshipped Makhleb.
Makhleb was greatly pleased with you.
You were not hungry.

You visited 2 branches of the dungeon, and saw 15 of its levels.

You collected 1288 gold pieces.
You spent 176 gold pieces at shops.

Inventory:

Hand Weapons
 p - a +1 hand axe of chopping
 B - the cursed +2 shortbow of Satyriasis {velocity, rN+ MR+ Int+3, unknown}
   (You found it on level 13 of the Dungeon)

   Any arrow fired from it inflicts extra damage.
   It affects your intelligence (+3).
   It protects you from negative energy.
   It affects your resistance to hostile enchantments.
   It has a curse placed upon it.
 D - the +7 whip of Pain and Death (weapon) {elec, rN+ Str+3 Dex+4 SInv}
   (You took it off a centaur on level 5 of the Dungeon)

   Occasionally, upon striking a foe, it will discharge some electrical energy
   and cause terrible harm.
   It affects your strength (+3).
   It affects your dexterity (+4).
   It protects you from negative energy.
   It lets you see invisible.
Missiles
 e - 310 stones
 u - 13 boomerangs
 y - a javelin (quivered)
Armour
 l - a +0 troll leather armour
 m - a scarf of cloud immunity (worn)
 z - a +0 pair of gloves (worn)
 F - a +1 pair of gloves
 J - a +0 large shield (worn)
 X - a +1 plate armour (worn)
Jewellery
 a - an uncursed ring of magical power
 A - a ring of poison resistance (right hand)
 C - a +3 ring of strength (left hand)
 E - an uncursed ring of see invisible {unknown}
 H - an amulet of the gourmand (around neck)
 O - an uncursed ring of protection from cold {unknown}
 P - an uncursed ring of positive energy {unknown}
Wands
 b - a wand of iceblast (2)
 d - a wand of acid (9)
 q - a wand of flame (22)
 R - a wand of digging (7)
 V - a wand of random effects (28)
 W - a wand of polymorph (23)
 Z - a wand of paralysis (9)
Scrolls
 c - a scroll of magic mapping
 h - a scroll of teleportation
 i - a scroll of random uselessness
 s - a scroll of enchant weapon
 w - a scroll of torment
 Q - 5 scrolls of remove curse
Potions
 f - 2 potions of flight
 g - 4 potions of magic
 k - 5 potions of lignification
 n - 2 potions of might
 o - 3 potions of haste {unknown}
 t - a potion of invisibility {unknown}
 v - a potion of degeneration {unknown}
 x - 2 potions of cancellation
 I - 2 potions of brilliance
 L - a potion of berserk rage {unknown}
 M - a potion of mutation {unknown}
 U - 2 potions of agility {unknown}
Miscellaneous
 j - a fan of gales (inert)
Comestibles
 r - 12 rations


   Skills:
 + Level 14.9(14.6) Fighting
 - Level 8.2(11.9) Axes
 + Level 12.1(12.5) Maces & Flails
 + Level 13.8(13.6) Armour
 - Level 0.1(0.0) Dodging
 - Level 3.5(3.3) Shields


You had 7 spell levels left.
You knew the following spells:

 Your Spells              Type           Power        Failure   Level  Hunger
a - Lightning Bolt        Conj/Air       #.........   100%        5    ######.

Your spell library contained the following spells:

 Spells                   Type           Power        Failure   Level  Hunger
 Apportation              Tloc           #.....       90%         1    ##.....
 Shock                    Conj/Air       #...         90%         1    ##.....
 Summon Butterflies       Summ           #.......     90%         1    ##.....
 Swiftness                Chrm/Air       #.......     96%         2    ###....
 Lesser Beckoning         Tloc           #.........   99%         3    ####...
 Static Discharge         Conj/Air       #.......     99%         3    ####...
 Tukima's Dance           Hex            #.......     99%         3    ####...
 Airstrike                Air            #.........   100%        4    #####..
 Summon Lightning Spire   Summ/Air       #.......     100%        4    #####..
 Alistair's Intoxication  Tmut/Pois      #.......     100%        5    ######.
 Silence                  Hex/Air        #.........   100%        5    ######.
 Conjure Ball Lightning   Conj/Air       #.........   100%        6    #######
 Deflect Missiles         Chrm/Air       #.........   100%        6    #######
 Invisibility             Hex            #.......     100%        6    #######
 Tornado                  Air            #.........   100%        9    #######


Dungeon Overview and Level Annotations

Branches:
Dungeon (14/15)            Temple (1/1) D:6            Lair (0/6) D:10
    Orc (0/2) D:10
 Vaults: D:13-14

Altars:
Ashenzari
Cheibriados
Fedhas
Hepliaklqana
Kikubaaqudgha
Makhleb
Nemelex Xobeh
Qazlal
Sif Muna
Trog
Vehumet
Zin
The Shining One

Shops:
D:4 *


Message History

You climb downwards.
A death knight comes into view. It is wielding a +2 great mace.
The death knight shouts!
The skeletal warrior hits you with a +0 battleaxe.
* * * LOW HITPOINT WARNING * * *
You block the skeletal warrior's attack.
There is a stone staircase leading up, spattered with blood here.
Press: ? - help, v - describe, . - travel, g - get item
Here: an iron dragon shaped shifter (moderately wounded)
A +0 scale mail.
There is something else lying underneath.
The floor.
Unknown command.
It was a potion of brilliance.
You feel clever all of a sudden.
The iron dragon changes into an iron giant!
The death knight offers itself to Yredelemnul, and fills with unholy energy.
You block the skeletal warrior's attack.
The iron giant hits you!!
You die...

.#####################
.....5.C[.............
.....pz@...รท..........
###..#########[###### #
#.# #s#


#oo #o. .... .... ...#. You could see an iron giant shaped shifter, a death
knight, a skeletal warrior and a shadow imp.

Vanquished Creatures
  2 hydras
  A death knight (D:13)
  A centaur warrior (D:13)
  3 two-headed ogres
  A tengu warrior (D:13)
  A deep elf knight (D:13)
  An unseen horror (D:13)
  A wizard (D:12)
  Pikel (D:5)
  A lindwurm (shapeshifter) (D:14)
  2 ugly things (D:12)
  A manticore (D:13)
  A gargoyle (D:13)
  3 centaur skeletons (D:12)
  2 komodo dragons
  A merfolk (D:10)
  3 trolls
  A tengu conjurer (D:13)
  A hornet (D:13)
  Prince Ribbit (D:5)
  4 hippogriffs
  2 meliai zombies (D:13)
  22 yaks
  A redback (shapeshifter) (D:13)
  2 wraiths (D:13)
  3 wyverns
  3 hungry ghosts
  Edmund (D:6)
  A soldier ant (D:13)
  A hornet zombie (D:9)
  7 orc warriors
  An ice beast (D:7)
  3 eyes of draining (D:13)
  2 sky beasts
  5 black bears
  2 necrophages
  4 slaves (D:5)
  7 ogres
  3 phantoms
  A crocodile (D:13)
  9 centaurs
  2 big kobolds
  12 bullfrogs
  A gnoll sergeant (D:8)
  3 scorpions
  23 killer bees
  11 wights (D:13)
  6 howler monkeys
  8 crimson imps
  3 centaur zombies
  2 quasits
  2 bullfrog zombies (D:12)
  2 jellies
  6 orc priests
  8 hounds
  6 orc wizards
  3 bullfrog skeletons
  3 iguanas
  11 worker ants
  16 gnolls
  10 adders
  3 shadow imps
  3 adder skeletons
  3 adder zombies
  2 worms
  3 dart slugs
  7 leopard geckos
  An orc (shapeshifter) (D:13)
  47 orcs
  3 ball pythons
  5 giant cockroaches
  6 goblins
  3 hobgoblins
  13 jackals
  A quokka (D:5)
  5 bats (D:1)
  2 frilled lizards
  12 kobolds
  A quokka skeleton (D:4)
  4 rats (D:1)
  2 demonic plants (Temple)
  A plant (D:10)
378 creatures vanquished.

Vanquished Creatures (others)
  31 plants
31 creatures vanquished.

Grand Total: 409 creatures vanquished

Notes
Turn   | Place    | Note
-------+----------+-------------------------------------------
     0 | D:1      | KlausPeter the Hill Orc Fighter began the quest for the
                  | Orb.
     0 | D:1      | Reached XP level 1. HP: 19/19 MP: 1/1
   164 | D:1      | Reached XP level 2. HP: 27/27 MP: 2/2
   651 | D:1      | Reached skill level 4 in Fighting
   719 | D:1      | Reached XP level 3. HP: 33/33 MP: 3/3
  1435 | D:3      | Reached XP level 4. HP: 26/40 MP: 4/4
  1984 | D:3      | Found a transporter.
  1988 | D:3      | Noticed a bullfrog
  1989 | D:3      | Noticed a bullfrog
  2194 | D:3      | Found a transporter.
  2206 | D:3      | Found a shimmering blue altar of Sif Muna.
  2217 | D:3      | Killed a bullfrog
  2217 | D:3      | Reached XP level 5. HP: 25/47 MP: 5/5
  2221 | D:3      | Reached skill level 5 in Fighting
  2522 | D:3      | Found a shattered altar of Ashenzari.
  2564 | D:3      | Found a stormy altar of Qazlal.
  2694 | D:4      | Reached XP level 6. HP: 48/56 MP: 6/6
  2722 | D:4      | Found Roshrong's Assorted Antiques.
  2749 | D:4      | Reached skill level 5 in Armour
  2766 | D:4      | Bought a scroll labeled OCZYPN HORE for 22 gold pieces
  2766 | D:4      | Bought a scroll labeled GARUDU OZAEM for 22 gold pieces
  2766 | D:4      | Bought a potion of curing for 66 gold pieces
  2766 | D:4      | Bought a scroll labeled XOUNOM MIRPHOOXT for 22 gold pieces
  2766 | D:4      | Bought 2 scrolls labeled QAVUUXKYFE for 44 gold pieces
  2811 | D:4      | Upgraded the game from 0.25-a0-290-g4a1327ee3a to
                  | 0.25-a0-292-gaa31f046c4
  2818 | D:4      | Reached skill level 5 in Axes
  2892 | D:4      | Found a blossoming altar of Fedhas.
  3152 | D:4      | Noticed a phantom
  3180 | D:4      | Killed a phantom
  3180 | D:4      | Reached skill level 6 in Fighting
  3180 | D:4      | Reached XP level 7. HP: 63/63 MP: 7/7
  3397 | D:4      | Found an ancient bone altar of Kikubaaqudgha.
  3933 | D:5      | Entered Level 5 of the Dungeon
  3935 | D:5      | Noticed Pikel
  3953 | D:5      | Killed Pikel
  3953 | D:5      | Reached skill level 7 in Fighting
  3953 | D:5      | Reached XP level 8. HP: 45/74 MP: 8/8
  4278 | D:5      | Identified the +7 whip of Pain and Death {elec, rN+ Str+3
                  | Dex+4 SInv}
  4285 | D:5      | Reached skill level 8 in Fighting
  4419 | D:5      | Found a bloodstained altar of Trog.
  4517 | D:5      | Found a snail-covered altar of Cheibriados.
  4628 | D:5      | Reached skill level 1 in Maces & Flails
  4800 | D:5      | Found a sparkling altar of Nemelex Xobeh.
  5000 | D:6      | Noticed Edmund
  5011 | D:6      | Reached XP level 9. HP: 78/82 MP: 9/9
  5015 | D:6      | Killed Edmund
  5171 | D:6      | Found a staircase to the Ecumenical Temple.
  5195 | Temple   | Entered the Ecumenical Temple
  5482 | D:6      | Reached skill level 9 in Fighting
  5501 | D:6      | Found a hazy altar of Hepliaklqana.
  5566 | D:6      | Noticed Prince Ribbit
  6692 | D:5      | Killed Prince Ribbit
  6785 | D:6      | Found a glowing golden altar of the Shining One.
  7501 | D:7      | Reached skill level 5 in Maces & Flails
  7855 | D:7      | Found a glowing silver altar of Zin.
  7954 | D:8      | Reached skill level 10 in Fighting
  8068 | D:8      | Reached XP level 10. HP: 93/93 MP: 10/10
  8613 | D:8      | Got a pitted quarterstaff
  8858 | D:8      | Found a radiant altar of Vehumet.
  9326 | D:9      | Found a burning altar of Makhleb.
  9331 | D:9      | Became a worshipper of Makhleb the Destroyer
  9389 | D:9      | Reached skill level 10 in Armour
  9558 | D:9      | Reached skill level 11 in Fighting
 10508 | D:9      | Learned a level 5 spell: Lightning Bolt
 10735 | D:9      | Reached * piety under Makhleb
 10875 | D:10     | Entered Level 10 of the Dungeon
 10925 | D:10     | Reached XP level 11. HP: 67/104 MP: 11/11
 10956 | D:10     | Noticed a two-headed ogre
 11787 | D:10     | Found a staircase to the Orcish Mines.
 12082 | D:10     | Killed a two-headed ogre
 12498 | D:10     | Found a staircase to the Lair.
 12505 | D:10     | Reached skill level 12 in Fighting
 13049 | D:11     | Noticed a two-headed ogre
 13056 | D:11     | Killed a two-headed ogre
 13118 | D:11     | Noticed an eight-headed hydra
 13131 | D:11     | Killed an eight-headed hydra
 13750 | D:11     | Upgraded the game from 0.25-a0-292-gaa31f046c4 to
                  | 0.25-a0-294-gea9b1ad378
 13799 | D:12     | Reached ** piety under Makhleb
 14006 | D:12     | Noticed a purple ugly thing
 14013 | D:12     | Killed a purple ugly thing
 14013 | D:12     | Reached skill level 13 in Fighting
 14018 | D:12     | Noticed a wizard
 14021 | D:12     | Paralysed by a crimson imp for 3 turns
 14028 | D:12     | Killed a wizard
 14055 | D:12     | Reached skill level 10 in Maces & Flails
 14055 | D:12     | Reached XP level 12. HP: 104/115 MP: 12/12
 14228 | D:12     | Noticed a seven-headed hydra
 14243 | D:12     | Killed a seven-headed hydra
 14612 | D:13     | Noticed a tengu warrior
 14739 | D:13     | Killed a tengu warrior
 14799 | D:13     | Reached *** piety under Makhleb
 14950 | D:13     | Noticed a two-headed ogre
 14967 | D:13     | Killed a two-headed ogre
 15172 | D:13     | Reached skill level 14 in Fighting
 15562 | D:13     | Noticed a six-headed hydra
 15565 | D:13     | Noticed a death knight
 15569 | D:13     | Noticed a deep elf knight
 15603 | D:13     | Killed a deep elf knight
 15603 | D:13     | Reached **** piety under Makhleb
 15614 | D:13     | Killed a death knight
 15850 | D:13     | Reached XP level 13. HP: 125/125 MP: 13/13
 16478 | D:13     | Got a twisted shortbow
 16831 | D:14     | Noticed a great orb of eyes
 16831 | D:14     | an alligator changed into a great orb of eyes
 16838 | D:14     | a great orb of eyes changed into an alligator
 16839 | D:14     | Noticed a fire dragon
 16839 | D:14     | an alligator changed into a fire dragon
 16843 | D:14     | a fire dragon changed into a slime creature
 17142 | D:14     | Noticed an ettin
 17142 | D:14     | an alligator changed into an ettin
 17152 | D:14     | Noticed a storm dragon
 17152 | D:14     | an ettin changed into a storm dragon
 17156 | D:14     | Noticed a minotaur
 17156 | D:14     | a storm dragon changed into a minotaur
 17159 | D:14     | Noticed an azure jelly
 17159 | D:14     | a minotaur changed into an azure jelly
 17160 | D:14     | Noticed a fire giant
 17160 | D:14     | an azure jelly changed into a fire giant
 17163 | D:14     | Noticed an iron dragon
 17163 | D:14     | a fire giant changed into an iron dragon
 17177 | D:14     | Noticed an iron giant
 17177 | D:14     | an iron dragon changed into an iron giant
 17178 | D:14     | Mangled by an iron giant (glowing shapeshifter)

Levels and vault maps discovered:
D:1:      elethiomel_arrival_quiet, layout_loops_ring
D:2:      kennysheep_six_static_rooms, layout_rooms, eino_curves_04
D:3:      layout_rooms, grunt_qazlal_clouds, ashenzari_conservatory_becter,
          gammafunk_temple_overflow_arena, kennysheep_generic_room_10
D:4:      black_bear_nest_2, layout_loops_cross, kiku_gazebo_pond_becter,
          fedhas_altar_2, first_ration, serial_shops,
          nicolae_shop_overgrown_old_shop
D:5:      layout_loops_cross, slow_altar_2, nicolae_overflow_crystal_walls,
          nemelex_xobeh_ov_fountains_minmay, uniq_pikel
D:6:      layout_loops_cross, old_standard_altar, nicolae_tso_carved_into_rock,
          minmay_temple_entry_poolview, uniq_edmund, uniq_prince_ribbit1
D:7:      layout_rooms, lemuel_round_altar
D:8:      layout_loops_ring, overflow_temple_1_default
D:9:      layout_roguey, lemuel_doored_altar
D:10:     layout_loops_ring, david_lair_shrubbed, orc_0_dummy,
          hangedman_fish_farm
D:11:     layout_roguey, serial_curves, eino_curves_04, eino_curves_04,
          minmay_misc_feat_roman, roderic_serpentine_path
D:12:     layout_rooms
D:13:     four-leaf_vault, layout_rooms
D:14:     layout_long_grid, david_vaults_2, serial_bayou_lagoon_a,
          corexii_corridor_pit
Temple:   corrupted_temple

Skill      XL: |  1  2  3  4  5  6  7  8  9 10 11 12 13 |
---------------+----------------------------------------+-----
Axes           | 3 4 5 7 8 |  8.2
Fighting       | 4 5 6 7 8 10 11 13 14 | 14.9
Armour         | 4 5 7 9 10 12 13 | 13.8
Maces & Flails | 2 5 8 10 11 12 | 12.1
Dodging        | |  0.1
Shields        | |  3.5

Action                   |  1- 3 |  4- 6 |  7- 9 | 10-12 | 13-15 || total
-------------------------+-------+-------+-------+-------+-------++-------
Melee: War axe           |   133 |    83 |    79 |       |       ||   295
       Whip              |       |       |   247 |   797 |   161 ||  1205
 Fire: Hunting sling     |       |       |    16 |       |       ||    16
Throw: Stone             |       |       |     1 |    24 |     1 ||    26
       Javelin           |       |       |       |     7 |       ||     7
Invok: Minor Destruction |       |       |       |       |     1 ||     1
Evoke: Wand              |       |       |     8 |     2 |       ||    10
       Fan of gales      |       |       |       |       |     1 ||     1
  Use: Potion            |     1 |       |     4 |     2 |     4 ||    11
       Scroll            |       |     8 |    10 |    15 |     5 ||    38
  Eat: Ration            |     1 |     1 |     4 |     4 |       ||    10
       Chunk             |       |     1 |     2 |    26 |       ||    29
Armor: Scale mail        |    80 |     5 |       |       |       ||    85
       Chain mail        |       |    47 |   153 |   156 |       ||   356
       Plate armour      |       |       |       |   169 |    61 ||   230
       Skin              |       |       |       |     9 |       ||     9
Dodge: Dodged            |    49 |    29 |    57 |    73 |    22 ||   230
Block: Shield            |    77 |    43 |   131 |    19 |       ||   270
       Large shield      |       |       |       |   509 |   133 ||   642

Table legend:
 A = Non-vault XP
 B = Vault XP
 C = Vault XP percentage of total XP
 D = Non-vault monster count
 E = Vault monster count
 F = Vault count percentage of total count
                 A         B        C        D         E       F
            +---------+---------+-------+---------+---------+-------
      Total |   29065 |    8184 |  22.0 |     342 |      29 |   7.8
            +---------+---------+-------+---------+---------+-------
        D:1 |      38 |       0 |   0.0 |      24 |       0 |   0.0
        D:2 |      19 |       0 |   0.0 |       3 |       0 |   0.0
        D:3 |      46 |     190 |  80.5 |      10 |       5 |  33.3
        D:4 |     697 |     128 |  15.5 |      19 |       1 |   5.0
        D:5 |     653 |     932 |  58.8 |      25 |       3 |  10.7
        D:6 |     771 |     166 |  17.7 |      16 |       1 |   5.9
        D:7 |     829 |       0 |   0.0 |      20 |       0 |   0.0
        D:8 |    1315 |       0 |   0.0 |      40 |       0 |   0.0
        D:9 |    3422 |       0 |   0.0 |      36 |       0 |   0.0
       D:10 |    1561 |     656 |  29.6 |      15 |       2 |  11.8
       D:11 |    4035 |       0 |   0.0 |      28 |       0 |   0.0
       D:12 |    5454 |       0 |   0.0 |      34 |       0 |   0.0
       D:13 |    9954 |    5472 |  35.5 |      67 |      16 |  19.3
       D:14 |     271 |     640 |  70.3 |       5 |       1 |  16.7
            +---------+---------+-------+---------+---------+-------
